 Dungeon Crawl Stone Soup version 0.23-a0-261-g133332c (webtiles) character file.

229 George the Cudgeler (level 6, -5/37 HPs)
             Began as a Gargoyle Fighter on Sept 29, 2018.
             Killed from afar by an orc wizard (7 damage)
             ... with a puff of frost
             ... on level 3 of the Dungeon.
             The game lasted 00:02:54 (2232 turns).

George the Cudgeler (Gargoyle Fighter)              Turns: 2232, Time: 00:02:55

Health: -5/37      AC: 15    Str: 22    XL:     6   Next: 3%
Magic:  6/6        EV:  5    Int:  8    God:
Gold:   100        SH:  9    Dex:  9    Spells: 5/5 levels left

rFire    . . .     SeeInvis .   a - +0 flail
rCold    . . .     Gourm    .   c - +0 shield
rNeg     + . .     Faith    .   p - +0 chain mail
rPois    ∞         Spirit   .   (no helmet)
rElec    +         Reflect  .   (no cloak)
rCorr    .         Harm     .   (no gloves)
MR       .....                  l - +1 pair of boots
Stlth    ..........             h - amulet of the acrobat
HPRegen  0.12/turn              (no ring)
MPRegen  0.10/turn              (no ring)

@: no status effects
A: negative energy resistance 1, electricity resistance, unbreathing,
petrification resistance, rot immunity, AC +4
a: no special abilities


You were on level 3 of the Dungeon.
You were not hungry.

You visited 1 branch of the dungeon, and saw 3 of its levels.

You collected 100 gold pieces.

Inventory:

Hand Weapons
 a - a +0 flail (weapon)
Armour
 c - a +0 shield (worn)
 l - a +1 pair of boots (worn)
 p - a +0 chain mail (worn)
Jewellery
 h - an amulet of the acrobat (around neck)
Wands
 m - a wand of random effects (26)
Scrolls
 e - 2 scrolls of enchant weapon {unknown}
 i - 5 scrolls of identify {unknown}
 j - 3 scrolls of remove curse {unknown}
 o - a scroll of random uselessness {unknown}
Potions
 d - a potion of might
 g - a potion of mutation {unknown}
 k - a potion of flight {unknown}
Comestibles
 b - 2 chunks of flesh
 f - 7 rations


   Skills:
 - Level 3.2 Fighting
 + Level 6.1 Maces & Flails
 - Level 3.2 Armour
 - Level 3.2 Shields


You had 5 spell levels left.
You didn't know any spells.
Your spell library was empty.

Dungeon Overview and Level Annotations

Branches:
Dungeon (3/15)

Altars:


Innate Abilities, Weirdness & Mutations

You are resistant to torment.
Your stone body is resilient. (AC +4)
You are immune to poison.
You resist negative energy. (rN+)
You are resistant to electric shocks. (rElec)
You can survive without breathing.
You are immune to petrification.
You are immune to rotting.


Message History

The orc wizard gestures at you while chanting.
The puff of flame hits you!
* * * LOW HITPOINT WARNING * * *
Your shield and chain mail prevent you from hitting the orc wizard.
The orc wizard is heavily wounded.
The orc wizard hits you but does no damage.
You hit the orc wizard.
The orc wizard is almost dead.
The orc wizard hits you but does no damage.
Your shield and chain mail prevent you from hitting the orc wizard.
The orc wizard is almost dead.
The orc wizard gestures at you while chanting.
The puff of frost hits you!
* * * LOW HITPOINT WARNING * * *
The orc wizard gestures wildly while chanting.
The orc wizard seems to speed up.
There is an open door here.
The orc wizard casts a spell at you. The puff of frost hits you!
You die...

#.........
#........o
#..?o...w.
#o..>.[... #o# #)#
#o# ##'#########.
#.@..........
########
#...#########
....#......#
#............
....#......#
#....#######.
....#......# #....#
....#...<..# #....#
...(#..)...# #....#
....#......####....#
....+..÷...+.#####.#


You could see an orc wizard and 2 orcs.

Vanquished Creatures
  A centaur skeleton (D:3)
  Terence (D:3)
  Natasha (D:2)
  6 gnolls
  An ooze (D:3)
  6 worms
  4 dart slugs
  A leopard gecko (D:1)
  2 orcs (D:3)
  2 giant cockroaches (D:2)
  8 goblins
  6 hobgoblins
  6 jackals
  A ball python (D:2)
  2 bats
  5 frilled lizards
  5 kobolds (D:1)
  7 rats
65 creatures vanquished.

Notes
Turn   | Place    | Note
-------+----------+-------------------------------------------
     0 | D:1      | George the Gargoyle Fighter began the quest for the Orb.
     0 | D:1      | Reached XP level 1. HP: 14/14 MP: 1/1
   149 | D:1      | Reached XP level 2. HP: 19/19 MP: 2/2
   246 | D:1      | Reached skill level 3 in Maces & Flails
   315 | D:1      | Reached XP level 3. HP: 23/23 MP: 3/3
   854 | D:2      | Reached skill level 4 in Maces & Flails
  1035 | D:2      | Reached XP level 4. HP: 28/28 MP: 4/4
  1103 | D:2      | HP: 1/28 [gnoll/halberd (4)]
  1612 | D:2      | Noticed Natasha
  1620 | D:2      | Killed Natasha
  1620 | D:2      | Reached skill level 5 in Maces & Flails
  1620 | D:2      | Reached XP level 5. HP: 23/32 MP: 5/5
  1924 | D:3      | Noticed Terence
  1939 | D:3      | Killed Terence
  2215 | D:3      | Reached skill level 6 in Maces & Flails
  2215 | D:3      | Reached XP level 6. HP: 26/37 MP: 6/6
  2232 | D:3      | Killed from afar by an orc wizard

Vault maps used:
D:1:      shiori_arrival_oz
D:2:      minmay_wonky_spiral, uniq_natasha
D:3:      nicolae_overflow_hidden_temple, uniq_terence

Skill      XL: |  1  2  3  4  5 |
---------------+----------------+-----
Maces & Flails | 3 4 5 6 |  6.1
Fighting       | |  3.2
Armour         | |  3.2
Shields        | |  3.2

Action                   |  1- 3 |  4- 6 || total
-------------------------+-------+-------++-------
Melee: Flail             |   140 |   128 ||   268
  Eat: Chunk             |     1 |     4 ||     5
Armor: Scale mail        |    52 |    48 ||   100
       Chain mail        |       |     9 ||     9
Dodge: Dodged            |    41 |    46 ||    87
Block: Shield            |    55 |    57 ||   112

Table legend:
 A = Non-vault XP
 B = Vault XP
 C = Vault XP percentage of total XP
 D = Non-vault monster count
 E = Vault monster count
 F = Vault count percentage of total count
                 A         B        C        D         E       F
            +---------+---------+-------+---------+---------+-------
      Total |     254 |      74 |  22.6 |      61 |       4 |   6.2
            +---------+---------+-------+---------+---------+-------
        D:1 |      45 |       3 |   6.2 |      24 |       2 |   7.7
        D:2 |      91 |      35 |  27.8 |      23 |       1 |   4.2
        D:3 |     118 |      36 |  23.4 |      14 |       1 |   6.7
            +---------+---------+-------+---------+---------+-------
